 Dungeon Crawl Stone Soup version 0.30-a0-883-g5ad918d77d (webtiles) character file.

Game seed: 6031649128374614895

30 hikkokomori the Ducker (level 3, -6/22 HPs)
             Began as a Tengu Gladiator on Mar 18, 2023.
             Killed from afar by Sigmund (7 damage)
             ... with a magic dart
             ... on level 2 of the Dungeon.
             The game lasted 00:01:13 (1182 turns).

hikkokomori the Ducker (Tengu Gladiator)            Turns: 1182, Time: 00:01:14

Health: -6/22      AC:  3    Str: 14    XL:     3   Next: 18%
Magic:  4/4        EV: 13    Int:  8    God:
Gold:   21         SH:  0    Dex: 17    Spells: 2/2 levels left

rFire   . . .      SeeInvis .    a - +0 long sword
rCold   . . .      Faith    .    (no shield)
rNeg    . . .      Spirit   .    b - +0 leather armour
rPois   .          Reflect  .    c - +0 hat
rElec   .          Rampage  .    (no cloak)
rCorr   .                        (no gloves)
Will    .....                    (boots unavailable)
Stlth   +                        (no amulet)
HPRegen 0.23/turn                (no ring)
MPRegen 0.09/turn                (no ring)

@: hasted, very quick
A: beak, talons 3
a: no special abilities


You were on level 2 of the Dungeon.
You visited 1 branch of the dungeon, and saw 2 of its levels.

You collected 21 gold pieces.

Inventory:

Hand Weapons
 a - a +0 long sword (weapon)
Missiles
 d - 3 throwing nets (quivered)
 e - a javelin
Armour
 b - a +0 leather armour (worn)
 c - a +0 hat (worn)
Scrolls
 g - a scroll of blinking {unknown}
 h - 2 scrolls of identify {unknown}
 i - a scroll of fear {unknown}
 j - a scroll of enchant weapon {unknown}
 k - 3 scrolls of enchant armour {unknown}
 m - a scroll of fog {unknown}


   Skills:
 + Level 2.5 Fighting
 + Level 3.7 Long Blades
 - Level 2.1 Throwing
 + Level 3.7 Dodging


You had 2 spell levels left.
You didn't know any spells.
Your spell library contained the following spells:

 Spells                   Type           Power      Damage    Failure   Level
 Slow                     Hex            0%         N/A       50%         1
 Confusing Touch          Hex            0%         N/A       86%         3
 Vampiric Draining        Necr           0%         2d6       86%         3


Dungeon Overview and Level Annotations

Branches:
Dungeon (2/15)

Altars:

Annotations:
D:2 Sigmund


Innate Abilities, Weirdness & Mutations

You have a beak for a mouth.
You have claws for feet.


Message History

Your +0 hat unmelds from your body.
Your +0 leather armour unmelds from your body.
It was a potion of curing.
You feel better.
It was a potion of haste.
You feel yourself speed up.
You climb downwards.
Level annotation: Sigmund The endoplasm barely misses you.
Sigmund casts a spell.
Sigmund flickers and vanishes!
Deactivating autopickup; reactivate with Ctrl-A.
The endoplasm barely misses you.
There is a stone staircase leading up here.
You slash the endoplasm!
You kill the endoplasm!
You barely miss the worm. You peck the worm.
The worm is moderately wounded.
You barely miss the worm. You claw the worm!
You peck the worm, but do no damage.
The worm is severely wounded.
Something hits you. The worm barely misses you.
You hit the worm. You claw the worm, but do no damage.
Your peck misses the worm.
The worm is almost dead.
You hit the worm but do no damage. You claw the worm.
You kill the worm!
You hear some strange, mumbled words.
A puff of flame appears from out of thin air!
The puff of flame misses you. Something hits you.
You slash something! Your kick misses something. You peck something.
You hit something but do no damage. Something hits you.
You hit something. Your kick misses something. You peck something.
You slash something! You peck something. Something hits you!
* * * LOW HITPOINT WARNING * * *
You completely miss something. Your kick misses something. You peck something.
You closely miss something. You claw something.
You hear some strange, mumbled words.
A magic dart appears from out of thin air!
The magic dart hits you!
You die...

#......# #......# #......# #
#......####.# #.........#.#
#...........#
+.........###########
#..รท.{...>..........#
##..@#......Jw.......
.$....#<#....###..####.#
################.#### ##..#
#<...............########.###
##################....w.....#
.........#.... ...[.....###..
.........# # .........#


There were no monsters in sight!

Vanquished Creatures
  2 worms (D:2)
  2 dart slugs (D:1)
  2 bats (D:1)
  3 endoplasms
  A giant cockroach (D:1)
  2 goblins (D:1)
  A quokka (D:1)
  3 ball pythons (D:1)
  2 frilled lizards
  2 rats
20 creatures vanquished.

Notes
Turn   | Place    | Note
-------+----------+-------------------------------------------
     0 | D:1      | hikkokomori the Tengu Gladiator began the quest for the
                  | Orb.
     0 | D:1      | Reached XP level 1. HP: 12/12 MP: 2/2
     2 | D:1      | Noticed a meteoran
     2 | D:1      | Noticed a draconian
     5 | D:1      | Noticed a minotaur
     7 | D:1      | Noticed a vampire
     7 | D:1      | Noticed a demonspawn
     9 | D:1      | Noticed a demigod
     9 | D:1      | Noticed a felid
    11 | D:1      | Noticed a tengu
    13 | D:1      | Noticed an elf
    13 | D:1      | Noticed a vine stalker
    15 | D:1      | Noticed a troll
    15 | D:1      | Noticed a human
    17 | D:1      | Noticed a gargoyle
    19 | D:1      | Noticed a formicid
    19 | D:1      | Noticed a spriggan
    21 | D:1      | Noticed an octopode
    21 | D:1      | Noticed a merfolk
    23 | D:1      | Noticed a ghoul
    23 | D:1      | Noticed a naga
    25 | D:1      | Noticed a draconian
    25 | D:1      | Noticed an ogre
    27 | D:1      | Noticed a vine stalker
    27 | D:1      | Noticed an ogre
   231 | D:1      | Reached XP level 2. HP: 15/17 MP: 3/3
   310 | D:1      | Found a faded altar of an unknown god.
   850 | D:2      | Reached XP level 3. HP: 17/22 MP: 4/4
   893 | D:2      | Noticed Sigmund
  1180 | D:2      | HP: 1/22 [something (10)]
  1182 | D:2      | Killed from afar by Sigmund

Illustrated notes

Levels and vault maps discovered:
D:1:      kb_arrival_jail, layout_basic, dreamdust_ecumenical_altar_grove
D:2:      layout_basic, basic_altar, uniq_sigmund, uniq_crazy_yiuf_cottage

Action                     || total
---------------------------++-------
  Melee: Long sword        ||    52
         Peck              ||    12
         Kick              ||     9
    Use: Potion            ||     3
 Armour: Leather armour    ||    13
  Dodge: Dodged            ||    50

Table legend: (Time is in decaauts)
 A = Elapsed time spent in this place.
 B = Non-inter-level travel time spent in this place.
 C = Inter-level travel time spent in this place.
 D = Time resting spent in this place.
 E = Time spent auto-exploring this place.
 F = Levels seen in this place.
 G = Mean time per level.
                   A        B        C        D        E       F      G
               +--------+--------+--------+--------+--------+-----+--------+
         Total |   1190 |   1179 |     11 |    249 |    770 |   2 |  595.0 |
       Dungeon |   1190 |   1179 |     11 |    249 |    770 |   2 |  595.0 |
               +--------+--------+--------+--------+--------+-----+--------+

Top non-repeatable levels by time:
     D:1: 1082 daAuts
     D:2: 107 daAuts
